 Dungeon Crawl Stone Soup version 0.29-a0-821-g66395355a5 (console) character file.

Game seed: 11417923471440972552

1202 om the Slicer (level 8, -5/44 HPs)
             Began as a Vampire Enchanter on July 7, 2022.
             Was an Initiate of Dithmenos.
             Slain by an orc warrior
             ... wielding a +0 battleaxe
              (17 damage)
             ... on level 6 of the Dungeon.
             The game lasted 00:17:16 (7053 turns).

om the Slicer (Vampire Enchanter)                   Turns: 7053, Time: 00:17:17

Health: -5/44      AC:  6    Str:  7    XL:     8   Next: 21%
Magic:  1/12       EV: 13    Int: 23    God:    Dithmenos [......]
Gold:   291        SH:  0    Dex: 17    Spells: 8/13 levels left

rFire   . . .      SeeInvis +   a - +2 dagger
rCold   + + .      Faith    .   (no shield)
rNeg    + + +      Spirit   .   o - +2 robe {rN+}
rPois   ∞          Reflect  .   v - +0 helmet
rElec   .          Harm     .   u - +0 cloak
rCorr   .          Rampage  .   (no gloves)
Will    .....                   (no boots)
Stlth   +++++.....              (no amulet)
HPRegen 0.00/turn               m - +6 ring of intelligence
MPRegen 0.13/turn               (no ring)

@: bloodless, inhibited regen
A: bloodless, fangs 3, see invisible, vampiric 2
a: Bat Form, Revivify, Renounce Religion


You were on level 6 of the Dungeon.
You worshipped Dithmenos.
Dithmenos was noncommittal.
You visited 2 branches of the dungeon, and saw 7 of its levels.

You collected 291 gold pieces.

Inventory:

Hand Weapons
 a - a +2 dagger (weapon)
Missiles
 e - 3 throwing nets
Armour
 o - a +2 robe of positive energy (worn)
 u - a +0 cloak (worn)
 v - a +0 helmet (worn)
Jewellery
 g - the amulet "Heitzur Ogge" {RegenMP +Inv Fly Regen+ Slay-5}
   (You found it on level 4 of the Dungeon)

   [amulet of magic regeneration]

   It increases your rate of magic regeneration.
   Slay:      It affects your accuracy & damage with ranged weapons and melee
   (-5).
   +Inv:      It lets you turn invisible.
   Fly:       It grants you flight.
   Regen:     It increases your rate of health regeneration.
 m - a +6 ring of intelligence (left hand)
 r - the amulet "Tuodobb" {Will++ Regen+}
   (You found it on level 5 of the Dungeon)

   [amulet of regeneration]

   Regen:     It increases your rate of health regeneration.
   Will:      It greatly increases your willpower.
 w - a ring of magical power
Wands
 b - a wand of polymorph (6)
Scrolls
 c - a scroll of fear
 i - 2 scrolls of blinking
 l - a scroll of identify
 n - a scroll of immolation
 q - 2 scrolls of poison
Potions
 d - 2 potions of curing
 f - a potion of flight {unknown}
 h - 2 potions of lignification
 j - a potion of berserk rage
 k - a potion of haste
 p - 2 potions of cancellation {unknown}
 s - a potion of brilliance {unknown}
 t - a potion of resistance {unknown}


   Skills:
 - Level 2.0 Fighting
 * Level 9.2 Short Blades
 + Level 3.8 Dodging
 - Level 5.0 Stealth
 - Level 3.0 Spellcasting
 - Level 5.0 Hexes


You had 8 spell levels left.
You knew the following spells:

 Your Spells              Type           Power      Damage    Failure   Level
a - Ensorcelled Hibernat  Hex/Ice        28%        N/A       6%          2
b - Confusing Touch       Hex            26%        N/A       4%          3

Your spell library contained the following spells:

 Spells                   Type           Power      Damage    Failure   Level
 Tukima's Dance           Hex            26%        N/A       4%          3
 Apportation              Tloc           6%         N/A       12%         1
 Necrotise                Necr           12%        1d4       12%         1
 Shock                    Conj/Air       12%        1d3       12%         1
 Summon Small Mammal      Summ           12%        N/A       12%         1
 Dazzling Flash           Conj/Hex       28%        N/A       12%         3
 Gell's Gravitas          Tloc           3%         N/A       34%         3
 Swiftness                Air            3%         N/A       34%         3
 Airstrike                Air            1%         0-2+      75%         4
 Summon Mana Viper        Hex/Summ       14%        N/A       75%         5
 Manifold Assault         Tloc           3%         N/A       97%         5
 Summon Forest            Summ/Tloc      1%         N/A       97%         5
 Summon Cactus Giant      Summ           1%         N/A       100%        6


Dungeon Overview and Level Annotations

Branches:
Dungeon (6/15)             Temple (1/1) D:4

Altars:
Ashenzari
Cheibriados
Dithmenos
Fedhas
Gozag
Hepliaklqana
Kikubaaqudgha
Nemelex Xobeh
Okawaru
Qazlal
Ru
Uskayaw
Vehumet
Wu Jian
Xom

Shops:
D:5 :


Innate Abilities, Weirdness & Mutations

You do not regenerate when monsters are visible.
You are frail without blood (-20% HP).
You can heal yourself when you bite living creatures.
You are immune to poison.
You have razor-sharp teeth.
You have supernaturally acute eyesight. (SInv)
You are afflicted with vampirism and can become a bat while bloodless.


Message History

The orc wizard misses you.
Aiming: Ensorcelled Hibernation (safe; 6% risk of failure)
Press: ? - help, Q - select action, (/) - cycle Shift-Dir - straight line, f/p - orc warrior
Aim: an orc warrior, wielding a +0 battleaxe and wearing a +0 chain mail (chance to affect: 48%)
The orc warrior resists with some effort.
The orc warrior hits you with a +0 battleaxe!
Aiming: Ensorcelled Hibernation (safe; 6% risk of failure)
Press: ? - help, Q - select action, (/) - cycle Shift-Dir - straight line, f/p - orc warrior
Aim: an orc warrior, wielding a +0 battleaxe and wearing a +0 chain mail (chance to affect: 48%)
The orc warrior resists with some effort.
The orc warrior misses you.
Aiming: Ensorcelled Hibernation (safe; 6% risk of failure)
Press: ? - help, Q - select action, (/) - cycle Shift-Dir - straight line, f/p - orc warrior
Aim: an orc warrior, wielding a +0 battleaxe and wearing a +0 chain mail (chance to affect: 48%)
The orc warrior resists with some effort.
The orc warrior closely misses you.
The iguana hisses menacingly.
Aiming: Ensorcelled Hibernation (safe; 6% risk of failure)
Press: ? - help, Q - select action, (/) - cycle Shift-Dir - straight line, f/p - orc warrior
Aim: an orc warrior, wielding a +0 battleaxe and wearing a +0 chain mail (chance to affect: 48%)
The orc warrior resists with some effort.
The orc warrior closely misses you.
You hit the orc warrior but do no damage.
Your bite misses the orc warrior. The orc warrior misses you.
Aiming: Ensorcelled Hibernation (safe; 6% risk of failure)
Press: ? - help, Q - select action, (/) - cycle Shift-Dir - straight line, f/p - orc warrior
Aim: an orc warrior, wielding a +0 battleaxe and wearing a +0 chain mail (chance to affect: 48%)
The orc warrior resists with some effort.
The orc warrior hits you with a +0 battleaxe!
* * * LOW HITPOINT WARNING * * *
Okay, then.
Aiming: Polymorph
Press: ? - help, Shift-Dir - straight line, f/p - orc warrior
Aim: an orc warrior, wielding a +0 battleaxe and wearing a +0 chain mail (will become a steam dragon, a centaur, or a wyvern, chance to affect: 49%)
Okay, then.
You start putting on your amulet.
You continue putting on the amulet "Tuodobb" {Will++ Regen+}.
The orc warrior hits you with a +0 battleaxe!
Keep equipping yourself?
You die...

#.# .##.# ..#.# #.#.#
#.#.# #.#.# #.[.# #..#
####################.?#
................@oool>#
#######################


You could see an orc warrior, an iguana, an orc wizard and an orc.

Vanquished Creatures
  Sigmund (D:3)
  A black bear (D:5)
  An ogre (D:6)
  2 phantoms
  3 scorpions
  A water moccasin zombie (D:3)
  An orc priest (D:5)
  Jessica (D:3)
  3 iguanas (D:5)
  Ijyb (D:3)
  3 orc wizards
  A howler monkey zombie (D:3)
  9 adders
  5 gnolls
  An ufetubus (D:4)
  An adder skeleton (D:3)
  2 worms
  2 dart slugs
  14 orcs
  4 bats
  5 endoplasms
  3 giant cockroaches
  7 goblins
  5 hobgoblins
  5 kobolds
  8 quokkas
  8 ball pythons
  A ball python skeleton (D:3)
  2 ball python zombies (D:3)
  6 frilled lizards
  A giant cockroach zombie (D:3)
  A jackal skeleton (D:3)
  2 quokka skeletons (D:3)
  A quokka zombie (D:3)
  4 rats
116 creatures vanquished.

Vanquished Creatures (others)
  11 withered plants (D:3)
11 creatures vanquished.

Grand Total: 127 creatures vanquished

Notes
Turn   | Place    | Note
-------+----------+-------------------------------------------
     0 | D:1      | om the Vampire Enchanter began the quest for the Orb.
     0 | D:1      | Reached XP level 1. HP: 13/13 MP: 3/3
    27 | D:1      | Reached skill level 2 in Short Blades
    27 | D:1      | Reached XP level 2. HP: 4/19 MP: 5/5
   361 | D:1      | Learned a level 2 spell: Ensorcelled Hibernation
   410 | D:1      | Reached skill level 3 in Short Blades
   797 | D:2      | Gained mutation: You are afflicted with vampirism and can
                  | become a bat while bloodless. [Vampire growth]
   797 | D:2      | Reached XP level 3. HP: 19/19 MP: 3/6
  1511 | D:2      | Reached skill level 4 in Short Blades
  1765 | D:3      | Noticed Sigmund
  1788 | D:2      | Learned a level 3 spell: Confusing Touch
  1839 | D:3      | Noticed Ijyb
  1848 | D:3      | Killed Ijyb
  1849 | D:3      | Reached XP level 4. HP: 13/24 MP: 2/7
  2307 | D:3      | Reached skill level 5 in Short Blades
  2395 | D:3      | Noticed Jessica
  2405 | D:3      | Killed Jessica
  2406 | D:3      | Reached XP level 5. HP: 23/28 MP: 1/8
  2486 | D:3      | Noticed a black bear
  2492 | D:3      | a black bear changed into a goblin
  2643 | D:3      | Found a stormy altar of Qazlal.
  2714 | D:3      | Got the Octavo of Coordinates
  2979 | D:3      | Killed Sigmund
  2980 | D:3      | Reached skill level 6 in Short Blades
  2980 | D:3      | Reached XP level 6. HP: 32/32 MP: 9/9
  3131 | D:3      | Reached skill level 7 in Short Blades
  3917 | D:4      | HP: 1/32 [phantom (7)]
  4302 | D:4      | Reached skill level 8 in Short Blades
  4469 | D:4      | Reached skill level 1 in Fighting
  4469 | D:4      | Reached XP level 7. HP: 24/38 MP: 8/10
  4499 | D:4      | Found a staircase to the Ecumenical Temple.
  4623 | D:4      | Identified the amulet "Heitzur Ogge" {RegenMP +Inv Fly
                  | Regen+ Slay-5}
  4778 | Temple   | Entered the Ecumenical Temple
  4966 | Temple   | Became a worshipper of Dithmenos the Shadowed
  5068 | D:4      | Found an opulent altar of Gozag.
  5073 | D:4      | Found a sacrificial altar of Ru.
  5074 | D:4      | Found an ancient bone altar of Kikubaaqudgha.
  5151 | D:5      | Entered Level 5 of the Dungeon
  5183 | D:5      | Reached skill level 5 in Stealth
  5225 | D:5      | Identified the amulet "Tuodobb" {Will++ Regen+}
  5314 | D:5      | Found a broken altar of Ashenzari.
  5435 | D:5      | Reached skill level 5 in Hexes
  5735 | D:5      | Found Vioblu Fexe's Book Shop.
  6138 | D:5      | Reached XP level 8. HP: 44/44 MP: 7/12
  6183 | D:5      | Found Vioblu Fexe's Book Shop.
  6399 | D:5      | Found a broken altar of Ashenzari.
  6716 | D:6      | Found an ornate altar of the Wu Jian Council.
  6730 | D:6      | Reached skill level 9 in Short Blades
  6830 | D:6      | Found a snail-covered altar of Cheibriados.
  7053 | D:6      | Slain by an orc warrior

Illustrated notes

Levels and vault maps discovered:
D:1:      psy_arrival_terrarium, layout_rooms, chequers_serial_rivers_micro_b
D:2:      layout_basic
D:3:      layout_rooms, nicolae_overflow_crystal_walls, serial_undead,
          serial_undead_d, serial_undead_d, serial_undead_c, serial_undead_f,
          serial_undead_f, serial_undead_e, serial_undead_e, serial_undead_b,
          serial_undead_f, serial_undead_a, kennysheep_jessica_study, uniq_ijyb,
          uniq_sigmund
D:4:      layout_rooms, grunt_temple_overflow_open,
          minmay_temple_entry_steel_oval, chequers_ossuary_entry_cave
D:5:      layout_loops_ring, mainiacjoe_overflow_alcove_2, serial_shops,
          nicolae_diamond_shop, hangedman_decor_points
D:6:      layout_basic, lemuel_tele_altar, general_overflow_altar
Temple:   compressed_dpeg_triangle_lava_temple

Skill      XL: |  1  2  3  4  5  6  7  8 |
---------------+-------------------------+-----
Short Blades   | 2 3 4 5 6 8 9 |  9.2
Fighting       | 1 2 |  2.0
Stealth        | 5 |  5.0
Spellcasting   | 3 |  3.0
Hexes          | 5 |  5.0
Dodging        | 3 |  3.8

Action                   |  1- 3 |  4- 6 |  7- 9 || total
-------------------------+-------+-------+-------++-------
Melee: Dagger            |   105 |   178 |    74 ||   357
       Bite              |     4 |    19 |     7 ||    30
       Punch             |     1 |     3 |       ||     4
 Cast: Ensorcelled Hiber |    10 |    24 |    17 ||    51
       Confusing Touch   |       |     2 |       ||     2
 Abil: Exsanguinate      |     1 |       |       ||     1
Evoke: Wand              |       |     1 |       ||     1
  Use: Potion            |     2 |     4 |     1 ||     7
       Scroll            |     4 |     5 |     1 ||    10
 Stab: Sleeping          |    15 |    16 |    24 ||    55
       Invisible         |     2 |       |       ||     2
       Confused          |       |     2 |       ||     2
Armor: Robe              |    10 |    44 |    10 ||    64
Dodge: Dodged            |    54 |   100 |    29 ||   183

Table legend: (Time is in decaauts)
 A = Elapsed time spent in this place.
 B = Non-inter-level travel time spent in this place.
 C = Inter-level travel time spent in this place.
 D = Time resting spent in this place.
 E = Time spent auto-exploring this place.
 F = Levels seen in this place.
 G = Mean time per level.
                   A        B        C        D        E       F      G
               +--------+--------+--------+--------+--------+-----+--------+
         Total |   6929 |   6651 |    278 |   1924 |   3480 |   7 |  989.9 |
       Dungeon |   6730 |   6476 |    254 |   1924 |   3313 |   6 | 1121.7 |
        Temple |    198 |    175 |     23 |      0 |    167 |   1 |  198.0 |
               +--------+--------+--------+--------+--------+-----+--------+

Top non-repeatable levels by time:
     D:3: 2093 daAuts
     D:5: 1520 daAuts
     D:2: 1311 daAuts
     D:1: 731 daAuts
     D:4: 724 daAuts
     D:6: 348 daAuts
  Temple: 198 daAuts
